 Seeded DCSS version 0.29.1-1-gd02db6906a (webtiles) character file.

Game seed: 9708579739092153053 (custom seed)

3254 GigaChad the Protected (level 9, -4/85 HPs)
             Began as a Minotaur Fighter on Sept 16, 2022.
             Was a Believer of Trog.
             Slain by a spatial maelstrom (5 damage)
             ... on level 1 of the Abyss.
             The game lasted 00:17:45 (5925 turns).

GigaChad the Protected (Minotaur Fighter)           Turns: 5925, Time: 00:17:46

Health: -4/85      AC: 16    Str: 22    XL:     9   Next: 67%
Magic:  2/2        EV: 12    Int: 11    God:    Trog [**....]
Gold:   320        SH:  0    Dex: 19    Spells: 8/8 levels left

rFire   + + .      SeeInvis .   y - +1 quarterstaff (antimagic)
rCold   x . .      Faith    .   (shield currently unavailable)
rNeg    . . .      Spirit   .   l - +1 plate armour of Entitlement {*Corrode +Blink rF+ Int+6}
rPois   +          Reflect  .   (helmet restricted)
rElec   .          Harm     .   (no cloak)
rCorr   .          Rampage  .   (no gloves)
Will    .....                   (no boots)
Stlth   ..........              (no amulet)
HPRegen 0.24/turn               m - ring of Moodiness {Fire rPois Slay+2}
MPRegen 0.08/turn               A - +6 ring of dexterity

@: studying Fighting
A: horns 2, retaliatory headbutt
a: Renounce Religion, Evoke Blink, Berserk, Trog's Hand


You were on level 1 of the Abyss.
You worshipped Trog.
Trog was pleased with you.
You visited 2 branches of the dungeon, and saw 10 of its levels.
You visited the Abyss 1 time.

You collected 320 gold pieces.

Inventory:

Hand Weapons
 a - a +0 long sword
 h - the +7 mace of the Maze {spect, rPois Will+ Str+2}
   (You found it on level 2 of the Dungeon)

   When its wielder attacks, the weapon's spirit leaps out and strikes again.
   The spirit shares a part of any damage it takes with its wielder.
   Str:       It affects your strength (+2).
   rPois:     It protects you from poison.
   Will:      It increases your willpower.
 y - a +1 antimagic quarterstaff (weapon)
Armour
 b - a +0 scale mail
 c - a +0 buckler
 g - +0 acid dragon scales
 j - a +0 plate armour
 l - the +1 plate armour of Entitlement (worn) {*Corrode +Blink rF+ Int+6}
   (You acquired it on level 3 of the Dungeon)

   Int:       It affects your intelligence (+6).
   rF:        It protects you from fire.
   +Blink:    It lets you blink.
   *Corrode:  It may corrode you when you take damage.
Jewellery
 m - the ring of Moodiness (left hand) {Fire rPois Slay+2}
   (You acquired it on level 3 of the Dungeon)

   [ring of fire]

   It enhances your fire magic.
   Slay:      It affects your accuracy & damage with ranged weapons and melee
   (+2).
   rF:        It protects you from fire.
   rC:        It makes you vulnerable to cold.
   rPois:     It protects you from poison.
 s - a ring of resist corrosion
 A - a +6 ring of dexterity (right hand)
Wands
 w - a wand of roots (3)
 B - a wand of acid (6)
Scrolls
 e - 4 scrolls of blinking
 f - 2 scrolls of teleportation
 i - 3 scrolls of noise
 p - a scroll of poison
 v - a scroll of amnesia
 D - a scroll of vulnerability
Potions
 d - a potion of might
 k - a potion of brilliance
 n - a potion of resistance
 o - a potion of degeneration {unknown}
 q - a potion of magic {unknown}
 r - 2 potions of attraction
 t - a potion of haste {unknown}
 u - a potion of flight {unknown}
 x - 3 potions of lignification {unknown}
 z - a potion of cancellation {unknown}
 C - a potion of ambrosia {unknown}


   Skills:
 - Level 10.2 Fighting
 - Level 2.4 Long Blades
 - Level 11.0 Armour
 + Level 9.4 Dodging
 - Level 4.0 Shields


You had 8 spell levels left.
You didn't know any spells.
Your spell library was empty.

Dungeon Overview and Level Annotations

Branches:
Dungeon (9/15)             Temple (1/1) D:6
   Lair: D:8-11         Orc: D:9-12

Altars:
Dithmenos
Elyvilon
Gozag
Kikubaaqudgha
Makhleb
Nemelex Xobeh
Okawaru
Qazlal
Ru
Trog
Uskayaw
Xom
Zin
The Shining One

Annotations:
D:5 3 runed translucent doors, videwesjr's ghost, novice MiBe
D:9 Erolcha


Innate Abilities, Weirdness & Mutations

You have a pair of horns on your head.
You reflexively headbutt those who attack you in melee.


Message History

The spatial maelstrom is moderately damaged.
The spatial maelstrom hits you but does no damage. x2
The ufetubus hits you but does no damage.
The ufetubus barely misses you.
The spatial maelstrom barely misses you.
The spatial maelstrom hits you but does no damage.
The ufetubus barely misses you. x2; The spatial maelstrom misses you.
The spatial maelstrom barely misses you.
The ufetubus hits you but does no damage. x2
The ufetubus closely misses you. The ufetubus misses you.
The spatial maelstrom closely misses you.
The spatial maelstrom hits you but does no damage.
You sock the spatial maelstrom! You headbutt the spatial maelstrom!
The spatial maelstrom is heavily damaged.
The spatial maelstrom hits you but does no damage.
The spatial maelstrom hits you!
* * * LOW HITPOINT WARNING * * *
Space warps horribly around you!!
* * * LOW HITPOINT WARNING * * *
The ufetubus closely misses you.
The ufetubus hits you but does no damage.
The ufetubus hits you but does no damage.
The ufetubus closely misses you.
The spatial maelstrom hits you but does no damage.
The spatial maelstrom barely misses you.
The ufetubus hits you but does no damage.
The ufetubus closely misses you.
You closely miss the ufetubus. You headbutt the ufetubus.
The ufetubus is lightly wounded.
The ufetubus closely misses you. The ufetubus barely misses you.
The spatial maelstrom barely misses you.
The spatial maelstrom hits you.
* * * LOW HITPOINT WARNING * * *
Space warps around you.
* * * LOW HITPOINT WARNING * * *
The ufetubus hits you but does no damage.
The ufetubus closely misses you. The ufetubus barely misses you.
The ufetubus misses you. The spatial maelstrom hits you.
You die...

#.. # .#.# .#
...# .. ##..# ..
.# #.#.# ##. # #
. .. #..# .# . #
##.######.# ## .
#..5..##.v## . ##
#...@v....#...###
. #..#∩##.#..#
##. .. #
...###.##..##.#
##. . ###. #.#
v#.. # .#.. .#
.... v##.... . ..
...##v# .....# .
... ....#.#v. .#
.. . ##. .......#
.. . ## ... .. #
.. .. .


You could see a spatial maelstrom, a spatial vortex and an ufetubus.

Vanquished Creatures
  Joseph (D:8)
  Prince Ribbit (D:7)
  Eustachio (D:6)
  A steam dragon (D:7)
  A swamp worm (D:7)
  An acid dragon (D:9)
  2 water moccasins
  A sky beast (D:7)
  A black bear (D:6)
  An orc warrior (D:7)
  3 centaurs (D:8)
  A kobold brigand (D:9)
  3 bullfrogs
  2 necrophages
  3 scorpions
  3 howler monkeys (D:9)
  An electric eel (D:9)
  A small abomination (Abyss:1)
  A gnoll bouda (D:9)
  A jelly (D:6)
  5 orc priests
  2 hounds
  4 iguanas
  9 orc wizards
  4 gnolls (D:9)
  9 adders
  An ufetubus (D:5)
  A worm (D:2)
  A dart slug (D:4)
  23 orcs
  An endoplasm (D:3)
  2 giant cockroaches
  A hobgoblin (D:1)
  4 jackals (D:2)
  A quokka (D:6)
  3 ball pythons
  A bat (D:3)
  A frilled lizard (D:2)
  7 goblins
  7 kobolds
  A rat (D:1)
118 creatures vanquished.

Vanquished Creatures (others)
  An orc wizard (D:7)
  2 orcs (D:7)
  32 plants
35 creatures vanquished.

Grand Total: 153 creatures vanquished

Notes
Turn   | Place    | Note
-------+----------+-------------------------------------------
     0 | D:1      | GigaChad the Minotaur Fighter began the quest for the Orb.
     0 | D:1      | Reached XP level 1. HP: 19/19 MP: 0/0
   303 | D:2      | Reached XP level 2. HP: 22/27 MP: 1/1
   376 | D:2      | Identified the +7 mace of the Maze {spect, rPois Will+
                  | Str+2}
   970 | D:3      | Reached XP level 3. HP: 33/34 MP: 2/2
   992 | D:3      | Identified 3 scrolls of acquirement
   992 | D:3      | Acquired the ring of Moodiness {Fire rPois Slay+2}
   995 | D:3      | Acquired a manual of Fighting
   997 | D:3      | Acquired the +1 plate armour of Entitlement {*Corrode
                  | +Blink rF+ Int+6}
  1065 | D:3      | Reached skill level 5 in Fighting
  1337 | D:3      | Reached XP level 4. HP: 27/45 MP: 3/3
  1567 | D:4      | Identified the +1 robe of Dogmatism {rPois Int+2 Dex+4
                  | Slay-2}
  1623 | D:4      | Reached skill level 4 in Armour
  1628 | D:4      | Reached XP level 5. HP: 49/52 MP: 4/4
  1651 | D:4      | Reached skill level 5 in Armour
  1887 | D:5      | Entered Level 5 of the Dungeon
  1887 | D:5      | Noticed videwesjr's ghost (novice MiBe)
  1887 | D:5      | Found a runed translucent gate.
  1887 | D:5      | Found a runed translucent gate.
  1887 | D:5      | Found a runed translucent gate.
  1925 | D:5      | Reached skill level 6 in Armour
  1983 | D:5      | Reached XP level 6. HP: 60/60 MP: 5/5
  1995 | D:5      | Reached skill level 7 in Armour
  2091 | D:6      | Reached skill level 1 in Dodging
  2091 | D:6      | Reached XP level 7. HP: 55/66 MP: 6/6
  2202 | D:6      | Found a staircase to the Ecumenical Temple.
  2209 | Temple   | Entered the Ecumenical Temple
  2220 | Temple   | Became a worshipper of Trog the Wrathful
  2349 | D:6      | Noticed Eustachio
  2366 | D:6      | Killed Eustachio
  2611 | D:6      | Reached skill level 5 in Dodging
  2861 | D:7      | Reached XP level 8. HP: 66/73 MP: 7/7
  3044 | D:7      | Noticed Prince Ribbit
  3053 | D:7      | Killed Prince Ribbit
  3093 | D:7      | Reached * piety under Trog
  3160 | D:7      | Reached skill level 10 in Fighting
  3497 | D:7      | Reached skill level 8 in Armour
  3933 | D:8      | Reached skill level 9 in Armour
  3933 | D:8      | Reached XP level 9. HP: 70/85 MP: 8/8
  4008 | D:8      | Noticed Joseph
  4016 | D:8      | Killed Joseph
  4017 | D:8      | Reached skill level 10 in Armour
  4485 | D:8      | Reached ** piety under Trog
  4486 | D:8      | Reached skill level 11 in Armour
  4681 | D:8      | Found a stormy altar of Qazlal.
  5135 | D:9      | Found a sacrificial altar of Ru.
  5217 | D:9      | Found a hide-covered altar of Uskayaw.
  5835 | D:9      | Noticed Erolcha
  5839 | Abyss:1  | Cast into level 1 of the Abyss (Erolcha)
  5897 | Abyss:1  | Noticed a spatial maelstrom
  5924 | Abyss:1  | HP: 4/85 [spatial maelstrom (1)]
  5924 | Abyss:1  | HP: 1/85 [spatial maelstrom (3)]
  5925 | Abyss:1  | Slain by a spatial maelstrom

Illustrated notes

Levels and vault maps discovered:
D:1:      matt_arrival_spirals, layout_loops_ring,
          chequers_ecumenical_altar_island, chequers_serial_rivers_room_b,
          minmay_misc_feat_nine_boxes
D:2:      layout_basic, chequers_serial_rivers_small_3
D:3:      layout_loops_ring
D:4:      layout_loops_corners, kennysheep_generic_room_5, uniq_robin
D:5:      kennysheep_kobold_camp, layout_cave_pools,
          gammafunk_ghost_nasty_kobolds, nicolae_fountain_basement
D:6:      minmay_evil_eye, layout_loops_ring, jmf_multi_god_temple2,
          temple_statues, gup_sewer_entry_bubbles, uniq_grinder, uniq_eustachio
D:7:      layout_loops_ring, worms_lemuel, uniq_prince_ribbit1
D:8:      layout_layer_cave, mainiacjoe_overflow_tiny_flanked, minivault_22,
          minmay_fire_ice_demons, uniq_joseph
D:9:      layout_roguey, lemuel_coloured_pillars_altar,
          mainiacjoe_overflow_alcove_2, nicolae_ru_the_path_less_chosen,
          chei_slow_surprise, serial_bayou_pond_b, kennysheep_path_1,
          lemuel_flamethrower_2, uniq_erolcha
Temple:   hellmonk_temple_two_chambers
Abyss:1:  base: D:4, hangedman_abyss_or_decor_stabs,
          serial_sigils_hangedman_snap

Skill      XL: |  1  2  3  4  5  6  7  8  9 |
---------------+----------------------------+-----
Shields        | 4 |  4.0
Fighting       | 4 6 7 10 | 10.2
Armour         | 4 6 7 9 11 | 11.0
Dodging        | 1 6 7 9 |  9.4
Long Blades    | |  2.4

Action                   |  1- 3 |  4- 6 |  7- 9 || total
-------------------------+-------+-------+-------++-------
Melee: Long sword        |    17 |       |       ||    17
       Headbutt          |     4 |     4 |    30 ||    38
       Mace              |    29 |    41 |    72 ||   142
       Quarterstaff      |       |       |    66 ||    66
Invok: Berserk           |       |       |     3 ||     3
  Use: Scroll            |     4 |       |     9 ||    13
 Stab: Distracted        |       |       |     1 ||     1
Armor: Scale mail        |     8 |       |       ||     8
       Plate armour      |    18 |    26 |   137 ||   181
Dodge: Dodged            |    24 |    15 |   122 ||   161
Block: Buckler           |    10 |     8 |    17 ||    35
